[Event "Titled Tuesday Blitz April 25 Late 2023"]
[White "Jaracz, Pawel"]
[Black "Kepeshchuk, Mykhaylo"]
[WhiteFideId "1102222"]
[BlackFideId "14113139"]
[WhiteElo "2438"]
[BlackElo "2279"]
[Result "0-1"]
[Round "06"]
[TimeControl "180+2"]
[Date "2023.04.25"]
[WhiteClock "0:00:04"]
[BlackClock "0:00:06"]

1. d4 Nf6 2. Nf3 g6 3. g3 Bg7 4. Bg2 c5 5. dxc5 Qa5+ 6. Nbd2 Qxc5 7. O-O O-O 8. e4 d6 9. c3 Nc6 10. h3 Qh5 11. g4 Qa5 12. Re1 Be6 13. Nb3 Qc7 14. Nbd4 Bd7 15. Bg5 Qb6 16. Qd2 Rac8 17. Rad1 Rfd8 18. b3 Ne5 19. c4 a6 20. Bh6 Qc5 21. Bxg7 Kxg7 22. Qe3 Nxf3+ 23. Bxf3 b5 24. cxb5 axb5 25. g5 Ne8 26. Rc1 Qa3 27. Qd2 Rc5 28. Rxc5 Qxc5 29. Bg2 Rc8 30. Ne2 Qc2 31. Qd4+ Kg8 32. Qa7 Be6 33. Nf4 Qd2 34. Re3 Rc1+ 35. Kh2 Qxf2 36. Nxe6 fxe6 37. Qxe7 Qxe3 38. Qxe8+ Kg7 39. Qe7+ Kg8 40. Qxe6+ Kg7 41. Qf6+ Kg8 42. Qd8+ Kg7 43. Qe7+ Kg8 44. Qe6+ Kg7 45. Qf6+ Kg8 46. h4 Rd1 47. h5 gxh5 48. Qe6+ Kg7 49. Qe7+ Kg8 50. Qe6+ Kg7 51. Qf6+ Kg8 52. a4 Qd4 53. Qe6+ Kg7 54. Qe7+ Kg8 55. Qe8+ Kg7 56. Qe7+ Kg6 57. axb5 Qe5+ 58. Qxe5 dxe5 59. Kg3 Rb1 60. Bh3 Kxg5 61. Be6 h4+ 62. Kf2 Kf6 63. Bd5 Ke7 64. b6 Kd6 65. b7 Kc7 66. Kf3 h3 67. Kg3 Rh1 68. b4 h5 69. b5 h4+ 70. Kf2 Rc1 71. Be6 Rc3 72. Kg1 Kxb7 73. Kh2 Kb6 74. Bxh3 Kxb5 75. Bg2 Kc5 76. Bf1 Kd4 0-1


[Site "https://www.chess.com"]

[Event "Titled Tuesday Blitz April 25 Late 2023"]
[White "Kuzmin, Roman"]
[Black "Lewicki, Miroslaw"]
[WhiteFideId "44134932"]
[BlackFideId "1113380"]
[WhiteElo "2192"]
[BlackElo "2212"]
[Result "1-0"]
[Round "06"]
[TimeControl "180+2"]
[Date "2023.04.25"]
[WhiteClock "0:01:06"]
[BlackClock "0:00:17"]

1. e4 c5 2. Nf3 d6 3. d4 cxd4 4. Nxd4 Nf6 5. Nc3 g6 6. Be3 Bg7 7. f3 O-O 8. Qd2 Nc6 9. O-O-O Bd7 10. h4 a5 11. h5 Ne5 12. Bh6 Be6 13. Bxg7 Kxg7 14. hxg6 Nxg6 15. Qh6+ Kh8 16. g4 Rg8 17. g5 Rg7 18. gxf6 exf6 19. Bh3 Qd7 20. Nd5 Qa4 21. Bxe6 fxe6 22. Nxf6 Nf8 23. Nxe6 Rg6 24. Qxh7+ 1-0


[Site "https://www.chess.com"]

[Event "Titled Tuesday Blitz April 25 Late 2023"]
[White "Jimenez Almeida, Luis David"]
[Black "Adewumi, Tanitoluwa"]
[WhiteFideId "22242244"]
[BlackFideId "30966396"]
[WhiteElo "2245"]
[BlackElo "2283"]
[Result "1-0"]
[Round "06"]
[TimeControl "180+2"]
[Date "2023.04.25"]
[WhiteClock "0:00:09"]
[BlackClock "0:00:01"]

1. e4 c5 2. Nc3 Nc6 3. g3 g6 4. Bg2 Bg7 5. Nge2 e6 6. O-O Nge7 7. d3 d5 8. f4 O-O 9. Kh1 Rb8 10. a4 a6 11. e5 f6 12. exf6 Bxf6 13. Qe1 Nb4 14. Qd1 Nbc6 15. g4 b5 16. axb5 axb5 17. Ng3 Bh4 18. Nce2 e5 19. h3 Be6 20. fxe5 Rxf1+ 21. Qxf1 Qd7 22. Bf4 Rf8 23. Qc1 h5 24. Bh6 Rf7 25. Ra8+ Kh7 26. Bg5 Bxg3 27. Nxg3 hxg4 28. Bf6 Ng8 29. Qg5 Rxf6 30. exf6 gxh3 31. Bf1 Qf7 32. Qh4+ Nh6 33. Bxh3 Bxh3 34. Qxh3 Qxf6 35. Qd7+ Ne7 36. Kg2 Kg7 37. Ra7 Ng8 38. Qxd5 Qxb2 39. Qxc5 Qf6 40. Qf2 Qc6+ 41. Qf3 Qxc2+ 42. Kh3 Qc8+ 43. Qg4 Qxg4+ 44. Kxg4 1-0


[Site "https://www.chess.com"]

[Event "Titled Tuesday Blitz April 25 Late 2023"]
[White "Adla, Diego"]
[Black "Jaskolka, Tomasz"]
[WhiteFideId "100072"]
[BlackFideId "1170791"]
[WhiteElo "2377"]
[BlackElo "2155"]
[Result "1-0"]
[Round "06"]
[TimeControl "180+2"]
[Date "2023.04.25"]
[WhiteClock "0:00:10"]
[BlackClock "0:00:07"]

1. c4 c6 2. d4 d5 3. cxd5 cxd5 4. Bf4 Nc6 5. e3 Nf6 6. Nc3 Bf5 7. Qb3 Qd7 8. Nf3 e6 9. Bb5 Bd6 10. Ne5 Bxe5 11. Bxe5 a6 12. Bxc6 Qxc6 13. O-O Nd7 14. Bg3 O-O 15. Rfc1 Qb6 16. Na4 Qxb3 17. axb3 Rac8 18. b4 Bd3 19. Nc5 Nxc5 20. bxc5 Bb5 21. f3 Rfd8 22. Kf2 f6 23. b4 Kf7 24. Ke1 Re8 25. Bd6 e5 26. dxe5 fxe5 27. Kd2 Ke6 28. h4 g6 29. h5 g5 30. h6 g4 31. Rh1 gxf3 32. gxf3 Rg8 33. Rag1 d4 34. Rg7 Kd5 35. Rh5 Rce8 36. Rxg8 Rxg8 37. Rxe5+ Kc4 38. exd4 Kxd4 39. Re4+ Kd5 40. Re7 Rg2+ 41. Kc3 Rf2 42. Rxh7 Rxf3+ 43. Kd2 Rh3 44. Bf4 Kd4 45. Rxb7 Rd3+ 46. Ke1 Rf3 47. h7 Rf1+ 48. Kd2 Rf2+ 49. Kc1 Rf1+ 50. Kb2 Rh1 51. Re7 Kc4 52. Be5 Rg1 53. h8=Q Rg2+ 54. Kc1 Kb3 55. Bf4 Rg1+ 56. Kd2 Rg2+ 57. Ke1 Rg1+ 58. Kf2 Rf1+ 59. Kg3 Rg1+ 60. Kf3 Rf1+ 61. Kg4 Rg1+ 62. Kf5 Rf1 63. Qh3+ Kxb4 64. Qxf1 Bxf1 65. c6 a5 66. c7 a4 67. Ke5 Bh3 68. Re8 a3 69. Be3 a2 70. Bd4 Kb3 71. c8=Q Bxc8 72. Rxc8 Ka3 73. Ra8+ Kb3 74. Kd5 Kb4 75. Rxa2 Kb3 76. Rb2+ Ka3 77. Kc4 Ka4 78. Ra2# 1-0


[Site "https://www.chess.com"]

[Event "Titled Tuesday Blitz April 25 Late 2023"]
[White "Mortazavi, Ali"]
[Black "Bruedigam, Martin"]
[WhiteFideId "401323"]
[BlackFideId "24608033"]
[WhiteElo "2339"]
[BlackElo "2331"]
[Result "1-0"]
[Round "06"]
[TimeControl "180+2"]
[Date "2023.04.25"]
[WhiteClock "0:00:15"]
[BlackClock "0:00:02"]

1. Nf3 d5 2. g3 c6 3. Bg2 Bg4 4. O-O Nd7 5. d3 Ngf6 6. c4 dxc4 7. dxc4 h6 8. Qc2 e6 9. Rd1 Bf5 10. Qb3 Nc5 11. Rxd8+ Rxd8 12. Qe3 Rd1+ 13. Bf1 Bh3 14. Nbd2 Nce4 15. Qb3 Bc5 16. e3 Nxd2 17. Qxd1 Nxf1 18. Nd2 Nxd2 19. Bxd2 O-O 20. Bc3 Bb6 21. Qe2 Ne4 22. Bd4 c5 23. Be5 Bf5 24. Rd1 f6 25. Bc3 Bg6 26. f3 Ng5 27. Kg2 e5 28. e4 1-0


[Site "https://www.chess.com"]

[Event "Titled Tuesday Blitz April 25 Late 2023"]
[White "Womacka, Mathias"]
[Black "Di Berardino, Diego Rafael"]
[WhiteFideId "4611390"]
[BlackFideId "2105446"]
[WhiteElo "2377"]
[BlackElo "2432"]
[Result "0-1"]
[Round "06"]
[TimeControl "180+2"]
[Date "2023.04.25"]
[WhiteClock "0:00:01"]
[BlackClock "0:00:09"]

1. e4 Nf6 2. e5 Nd5 3. d4 d6 4. Nf3 dxe5 5. Nxe5 c6 6. Bc4 Bf5 7. O-O e6 8. Nd2 Nd7 9. Ndf3 Be7 10. Nd3 O-O 11. Bb3 b5 12. c3 Rc8 13. a4 a6 14. Re1 h6 15. h3 Bd6 16. Qe2 Qc7 17. Bd2 Qb7 18. Nfe5 Nxe5 19. Nxe5 c5 20. axb5 axb5 21. dxc5 Bxc5 22. Ra5 Rb8 23. Bc1 Rfd8 24. Qf3 Nf6 25. Qxb7 Rxb7 26. g4 Bh7 27. Be3 Bxe3 28. Rxe3 b4 29. c4 Ne4 30. Rb5 Rxb5 31. cxb5 Rb8 32. Ba4 Nc5 33. b3 Bc2 34. Nc6 Rb6 35. Nxb4 Nxa4 36. Nxc2 Nc5 37. Na3 f6 38. Rc3 Ne4 39. Rc6 Rb7 40. Kg2 e5 41. Kf3 Ng5+ 42. Ke3 Kf7 43. h4 Ne6 44. h5 Nd4 45. Rc5 Nxb3 46. Rc8 Nd4 47. Rc5 Ke6 48. Kd3 Kd6 49. Rc8 Nxb5 50. Nxb5+ Rxb5 51. Rg8 Rb7 52. Ke4 Ke6 53. Re8+ Kf7 54. Ra8 Rb4+ 55. Kf3 Rf4+ 56. Kg3 Rd4 57. f3 Rd2 58. Ra7+ Kg8 59. Rb7 Kh7 60. Rc7 Rd3 61. Rb7 e4 62. Kf4 exf3 0-1


[Site "https://www.chess.com"]

[Event "Titled Tuesday Blitz April 25 Late 2023"]
[White "Kovalevsky, Stanislav"]
[Black "Rosen, Eric"]
[WhiteFideId "13508598"]
[BlackFideId "2032562"]
[WhiteElo "2174"]
[BlackElo "2331"]
[Result "1/2-1/2"]
[Round "06"]
[TimeControl "180+2"]
[Date "2023.04.25"]
[WhiteClock "0:00:15"]
[BlackClock "0:00:04"]

1. c4 e6 2. e4 d5 3. exd5 exd5 4. cxd5 Nf6 5. Nc3 Nxd5 6. Bc4 Nxc3 7. bxc3 Bd6 8. Qe2+ Qe7 9. Qxe7+ Kxe7 10. Ne2 Be6 11. Bxe6 Kxe6 12. f3 c5 13. d4 Nc6 14. Be3 cxd4 15. Nxd4+ Nxd4 16. Bxd4 f6 17. O-O-O Ba3+ 18. Kc2 a6 19. Rhe1+ Kf7 20. Bb6 Rab8 21. Rd7+ Kg6 22. Kb3 Bf8 23. Red1 h5 24. Rd8 Be7 25. Rxh8 Rxh8 26. Rd7 Re8 27. Rxb7 Bd6 28. h3 h4 29. c4 Re2 30. c5 Be5 31. c6 Rb2+ 32. Kc4 Kf5 33. a4 g5 34. a5 Rc2+ 35. Kd5 Rd2+ 36. Kc4 Rc2+ 37. Kd5 Rd2+ 38. Kc4 Rc2+ 1/2-1/2


[Site "https://www.chess.com"]

[Event "Titled Tuesday Blitz April 25 Late 2023"]
[White "Schnaider, Ilan"]
[Black "Fernandez, Maria Florencia"]
[WhiteFideId "169013"]
[BlackFideId "116459"]
[WhiteElo "2224"]
[BlackElo "2120"]
[Result "1-0"]
[Round "06"]
[TimeControl "180+2"]
[Date "2023.04.25"]
[WhiteClock "0:00:09"]
[BlackClock "0:00:04"]

1. d4 Nf6 2. c4 g6 3. g3 Bg7 4. Bg2 O-O 5. Nc3 d6 6. Nf3 Nc6 7. O-O Bf5 8. Re1 e5 9. dxe5 dxe5 10. Bg5 Qxd1 11. Raxd1 h6 12. Bxf6 Bxf6 13. Nd5 Bd8 14. h3 Be4 15. Nd2 Bxg2 16. Kxg2 Nd4 17. e3 Nc2 18. Re2 c6 19. Nb3 cxd5 20. Rxc2 dxc4 21. Rxc4 Bb6 22. a4 Rac8 23. Rxc8 Rxc8 24. a5 Bd8 25. Rd7 Rb8 26. Kf3 Kf8 27. Ke4 Ke8 28. Rd5 f6 29. Nc5 Bxa5 30. Nd7 Ra8 31. Nxf6+ Kf7 32. Rxa5 Kxf6 33. Rxe5 Rc8 34. Rb5 b6 35. f4 Rc2 36. Kf3 Rh2 37. h4 h5 38. Rb4 Rc2 39. Rb3 Rc6 40. Rb5 a6 41. Rb3 b5 42. e4 Rb6 43. e5+ Kf5 44. Rc3 b4 45. Rc7 a5 46. Rf7+ Ke6 47. Rf6+ Kd5 48. Rxb6 Kc4 49. Rxg6 a4 50. Ra6 Kb5 51. Ra8 b3 52. e6 Kb4 53. e7 a3 54. Rxa3 Kc4 55. Rxb3 Kxb3 56. e8=Q Kxb2 57. Qxh5 Kc3 58. Qd5 1-0


[Site "https://www.chess.com"]

[Event "Titled Tuesday Blitz April 25 Late 2023"]
[White "Ibadov, Dashgyn"]
[Black "Pesotskiy, Mikhail"]
[WhiteFideId "24107514"]
[BlackFideId "34164453"]
[WhiteElo "2208"]
[BlackElo "2131"]
[Result "0-1"]
[Round "06"]
[TimeControl "180+2"]
[Date "2023.04.25"]
[WhiteClock "0:00:01"]
[BlackClock "0:00:09"]

1. e4 e6 2. d4 d5 3. Nc3 Bb4 4. e5 c5 5. a3 Bxc3+ 6. bxc3 Qa5 7. Bd2 Qa4 8. Nf3 b6 9. dxc5 bxc5 10. c4 Ne7 11. cxd5 exd5 12. Bd3 O-O 13. O-O Bf5 14. Be3 d4 15. Bg5 Nbc6 16. Qd2 Rab8 17. Qf4 Bxd3 18. cxd3 Rb3 19. Qe4 Rxa3 20. Rxa3 Qxa3 21. Bxe7 Nxe7 22. Ng5 g6 23. e6 f6 24. Qb7 c4 25. Ne4 c3 26. h4 c2 27. Kh2 Kg7 28. h5 Rc8 29. h6+ Kxh6 30. Nxf6 c1=Q 31. Rxc1 Rxc1 32. Ng4+ Kg7 33. Qf3 Qd6+ 34. g3 Nf5 35. Qb7+ Rc7 36. e7 Qxe7 37. Qd5 Rd7 38. Qb5 h5 39. Ne5 Rb7 40. Qd5 Rb2 41. Nc6 Rxf2+ 42. Kh3 Qe2 43. Qd7+ Kh6 44. Ne7 Rh2# 0-1


[Site "https://www.chess.com"]

[Event "Titled Tuesday Blitz April 25 Late 2023"]
[White "Ismagilov, Damir"]
[Black "Bashkansky, Ethan"]
[WhiteFideId "34199982"]
[BlackFideId "2071533"]
[WhiteElo "2078"]
[BlackElo "2101"]
[Result "1-0"]
[Round "06"]
[TimeControl "180+2"]
[Date "2023.04.25"]
[WhiteClock "0:01:58"]
[BlackClock "0:00:14"]

1. d4 f5 2. Bg5 g6 3. Nc3 d5 4. e3 Bg7 5. h4 h6 6. Bf4 Be6 7. Nf3 Nd7 8. Nb5 Kf8 9. Nxc7 Bf7 10. Nxa8 Qxa8 11. Ne5 Ndf6 12. Bd3 Qc8 13. h5 Nxh5 14. Rxh5 gxh5 15. Nxf7 Kxf7 16. Qxh5+ Kf8 17. Qxf5+ Qxf5 18. Bxf5 Nf6 19. Be6 h5 20. Ke2 Bh6 21. Be5 Rh7 22. Rc1 Rg7 23. g3 Bg5 24. c4 dxc4 25. Rxc4 Rh7 26. Rc8+ Kg7 27. f4 Bh6 28. Rg8# 1-0


[Site "https://www.chess.com"]

[Event "Titled Tuesday Blitz April 25 Late 2023"]
[White "Janaszak, Dawid"]
[Black "Liu, Casper"]
[WhiteFideId "1119206"]
[BlackFideId "1454153"]
[WhiteElo "2220"]
[BlackElo "2221"]
[Result "0-1"]
[Round "06"]
[TimeControl "180+2"]
[Date "2023.04.25"]
[WhiteClock "0:00:01"]
[BlackClock "0:00:05"]

1. e4 e5 2. Nf3 Nc6 3. Nc3 Nf6 4. d4 exd4 5. Nd5 d6 6. Bg5 Be7 7. Nxe7 Qxe7 8. Bd3 h6 9. Bh4 g5 10. Bg3 Nxe4 11. O-O Nxg3 12. Re1 Be6 13. hxg3 O-O-O 14. b4 Nxb4 15. Nxd4 Qf6 16. c3 Nxd3 17. Qxd3 h5 18. Rab1 a6 19. Rxb7 Kxb7 20. Rb1+ Kc8 21. Qxa6+ Kd7 22. Rb7 Rc8 23. Nb5 Bd5 24. Rxc7+ Rxc7 25. Nxc7 Kxc7 26. Qa5+ Kc6 27. Qa6+ Kd7 28. Qa7+ Ke8 29. Qa8+ Ke7 30. Qxd5 Rb8 31. f3 h4 32. gxh4 gxh4 33. Qc6 Kf8 34. Qc7 Rb1+ 35. Kf2 Qg6 36. Qc8+ Kg7 0-1


[Site "https://www.chess.com"]

[Event "Titled Tuesday Blitz April 25 Late 2023"]
[White "Gonzalez, Francisco Silva"]
[Black "Lenaerts, Lennert"]
[WhiteFideId "1512285"]
[BlackFideId "211435"]
[WhiteElo "2074"]
[BlackElo "2334"]
[Result "0-1"]
[Round "06"]
[TimeControl "180+2"]
[Date "2023.04.25"]
[WhiteClock "0:00:10"]
[BlackClock "0:00:36"]

1. d3 e5 2. c4 Nf6 3. g3 c6 4. Bg2 d5 5. cxd5 cxd5 6. Nf3 Nc6 7. O-O Be7 8. a3 O-O 9. Nc3 d4 10. Nb1 Bf5 11. Nh4 Be6 12. b4 Qc8 13. Re1 Qd7 14. Nd2 Rac8 15. Bb2 b5 16. Nb3 a5 17. bxa5 Qa7 18. Nf3 Bd6 19. a4 b4 20. Rc1 Nxa5 21. Nxa5 Qxa5 22. Ng5 Bd5 23. Ne4 Nxe4 24. dxe4 Be6 25. f4 b3 26. f5 Bc4 27. e3 Bb4 28. exd4 Bxe1 29. Qxe1 Qxe1+ 30. Rxe1 exd4 31. Bxd4 Rfd8 32. Bc3 Rd3 33. Ba1 Rd2 34. e5 Bd3 35. e6 fxe6 36. fxe6 b2 37. Bxb2 Rxb2 38. e7 Rxg2+ 39. Kxg2 Bg6 40. a5 Kf7 41. Re5 Re8 42. a6 Rxe7 43. Rxe7+ Kxe7 44. Kf3 Be8 45. a7 Bc6+ 46. Kf4 Kf6 47. h3 g5+ 48. Ke3 Ke5 49. Kd3 h5 50. Ke3 Bb7 51. Kd3 h4 52. gxh4 gxh4 53. Ke3 Ba8 54. Kf2 Kf4 55. Kg1 Kg3 56. Kf1 Kxh3 57. Kf2 Kg4 58. Kf1 Kg3 59. Kg1 h3 60. Kf1 h2 0-1


[Site "https://www.chess.com"]

[Event "Titled Tuesday Blitz April 25 Late 2023"]
[White "Martinez Reyes, Pedro Ramon"]
[Black "Tymrakiewicz, Rafal"]
[WhiteFideId "3901807"]
[BlackFideId "1108832"]
[WhiteElo "2340"]
[BlackElo "2151"]
[Result "1-0"]
[Round "06"]
[TimeControl "180+2"]
[Date "2023.04.25"]
[WhiteClock "0:01:07"]
[BlackClock "0:00:08"]

1. e4 Nf6 2. e5 Nd5 3. c4 Nb6 4. c5 Nd5 5. Nc3 c6 6. Bc4 e6 7. d4 b6 8. Nf3 bxc5 9. O-O Ba6 10. Bxa6 Nxa6 11. Ne4 f5 12. exf6 Nxf6 13. Bg5 Be7 14. Bxf6 Bxf6 15. Nd6+ Ke7 16. dxc5 Kf8 17. Rc1 Nc7 18. Re1 Rb8 19. Ne5 Qe7 20. Qh5 g6 21. Qh6+ Qg7 22. Nxd7+ Ke7 23. Qxg7+ Bxg7 24. Nxb8 Rxb8 25. b3 Bd4 26. Rc4 Bxc5 27. Rxc5 Kxd6 28. Rec1 Rb6 29. Ra5 a6 30. f4 Nd5 31. Rc4 Rb4 32. Rxd5+ 1-0


[Site "https://www.chess.com"]

[Event "Titled Tuesday Blitz April 25 Late 2023"]
[White "Sailer, Mike"]
[Black "Ehlvest, Jaan"]
[WhiteFideId "2012901"]
[BlackFideId "4500016"]
[WhiteElo "2109"]
[BlackElo "2442"]
[Result "0-1"]
[Round "06"]
[TimeControl "180+2"]
[Date "2023.04.25"]
[WhiteClock "0:02:08"]
[BlackClock "0:01:57"]

1. d4 Nf6 2. Nf3 c5 3. Bg5 cxd4 4. Bxf6 gxf6 5. Qxd4 Nc6 6. Qh4 d5 7. Nc3 f5 8. O-O-O e6 9. Qxd8+ Kxd8 10. Ng5 Ke7 11. f3 Bh6 12. h4 f6 13. f4 fxg5 14. hxg5 Bg7 15. e3 Bd7 16. Be2 h6 17. g6 Bxc3 18. bxc3 Rag8 19. g4 fxg4 20. Bxg4 Rxg6 21. Bh5 Rg3 22. f5 Ne5 23. fxe6 Bxe6 24. e4 dxe4 0-1


[Site "https://www.chess.com"]

[Event "Titled Tuesday Blitz April 25 Late 2023"]
[White "Tsyhanchuk, Stanislav"]
[Black "Indjic, Aleksandar"]
[WhiteFideId "13505130"]
[BlackFideId "911925"]
[WhiteElo "2173"]
[BlackElo "2614"]
[Result "1/2-1/2"]
[Round "06"]
[TimeControl "180+2"]
[Date "2023.04.25"]
[WhiteClock "0:00:03"]
[BlackClock "0:00:03"]

1. c4 e5 2. Nc3 Nf6 3. Nf3 Nc6 4. e4 d6 5. h3 Nd4 6. d3 Nxf3+ 7. Qxf3 g6 8. g3 Bg7 9. Bg5 h6 10. Be3 O-O 11. Bg2 Nd7 12. O-O f5 13. exf5 gxf5 14. Qh5 Nf6 15. Qh4 Kh7 16. f4 c6 17. fxe5 dxe5 18. Rad1 Be6 19. b3 Qe8 20. d4 e4 21. d5 cxd5 22. cxd5 Bd7 23. d6 Rc8 24. Nd5 Nxd5 25. Rxd5 Qe6 26. Rfxf5 Rxf5 27. Rxf5 Qxd6 28. Rf7 Kg8 29. Rf4 Qd3 30. Rxe4 Bc6 31. Qg4 Bd7 32. Qg6 Qd1+ 33. Kh2 Rc2 34. Re8+ Bxe8 35. Qxe8+ Bf8 36. Qe4 Qe2 37. Qg6+ Bg7 38. Qe8+ Kh7 39. Qe4+ Kg8 40. Qe8+ Bf8 41. Qg6+ Bg7 42. Qe8+ 1/2-1/2


[Site "https://www.chess.com"]

[Event "Titled Tuesday Blitz April 25 Late 2023"]
[White "Erdogan, Anil Berk"]
[Black "Bitoon, Richard"]
[WhiteFideId "6348173"]
[BlackFideId "5201110"]
[WhiteElo "2007"]
[BlackElo "2374"]
[Result "0-1"]
[Round "06"]
[TimeControl "180+2"]
[Date "2023.04.25"]
[WhiteClock "0:00:26"]
[BlackClock "0:01:06"]

1. e4 e5 2. Nf3 Nc6 3. d4 exd4 4. Nxd4 Nf6 5. Nc3 Bc5 6. Nb3 Bb4 7. Qe2 O-O 8. Bd2 Bxc3 9. Bxc3 Nxe4 10. O-O-O Nxc3 11. bxc3 a5 12. Qh5 a4 13. Nd4 Qf6 14. Bd3 g6 15. Qh6 Nxd4 16. cxd4 Qxd4 17. h4 Qa1+ 18. Kd2 Qg7 19. Qe3 Ra5 20. h5 Qe5 21. Qh3 Qf4+ 22. Qe3 Qxe3+ 23. fxe3 Rg5 24. Rdg1 gxh5 25. Rh2 d6 26. Rgh1 Bg4 27. Kc3 Re8 28. e4 Rc5+ 29. Kd4 b5 30. a3 Rb8 31. Rb1 Kg7 32. Rhh1 Rg5 33. Kc3 Bd7 34. Rb4 c5 35. Rbb1 Rg3 36. Kd2 Rxg2+ 37. Ke3 Rg5 38. Be2 Kg6 39. Rbg1 Bg4 40. Bd3 c4 41. Bf1 Re8 42. Bg2 d5 43. Rd1 dxe4 44. Rd6+ Kg7 45. Rf1 Rg6 46. Rd7 Bxd7 0-1


[Site "https://www.chess.com"]

[Event "Titled Tuesday Blitz April 25 Late 2023"]
[White "Larino Nieto, David"]
[Black "Omelja, Artem"]
[WhiteFideId "2256444"]
[BlackFideId "14119846"]
[WhiteElo "2506"]
[BlackElo "2404"]
[Result "1-0"]
[Round "06"]
[TimeControl "180+2"]
[Date "2023.04.25"]
[WhiteClock "0:00:06"]
[BlackClock "0:00:03"]

1. a3 d5 2. b3 e5 3. c3 Bd6 4. d3 Ne7 5. e3 O-O 6. f3 f5 7. Ra2 d4 8. g3 Nd5 9. cxd4 exd4 10. e4 fxe4 11. dxe4 Ne3 12. Bxe3 dxe3 13. Bg2 Bc5 14. Qc2 Qe7 15. Ne2 Be6 16. O-O Nc6 17. Nbc3 Nd4 18. Nxd4 Bxd4 19. Ne2 Bb6 20. Raa1 Rad8 21. Rfd1 Rxd1+ 22. Rxd1 Qxa3 23. Rd3 Qb4 24. Qd1 a5 25. f4 Bg4 26. h3 Bxe2 27. Qxe2 a4 28. bxa4 Qxa4 29. Kh2 Ra8 30. e5 Kf8 31. Qh5 Qb5 32. Qf5+ Kg8 33. Qe4 Rf8 34. h4 Kh8 35. e6 Re8 36. f5 h6 37. Bf3 Qb2+ 38. Kh3 Qf6 39. Rd7 Re7 40. Rd8+ Kh7 41. h5 Qg5 42. f6+ g6 43. Qxg6+ Qxg6 44. hxg6+ Kxg6 45. fxe7 1-0


[Site "https://www.chess.com"]

[Event "Titled Tuesday Blitz April 25 Late 2023"]
[White "Erzhanov, Arman"]
[Black "Djokic, Mihailo"]
[WhiteFideId "4138821"]
[BlackFideId "976440"]
[WhiteElo "2138"]
[BlackElo "2294"]
[Result "1-0"]
[Round "06"]
[TimeControl "180+2"]
[Date "2023.04.25"]
[WhiteClock "0:01:07"]
[BlackClock "0:01:22"]

1. e4 c5 2. Nf3 d6 3. Bb5+ Bd7 4. Bxd7+ Qxd7 5. O-O Nc6 6. c3 Nf6 7. Re1 e6 8. d4 cxd4 9. cxd4 d5 10. e5 Ne4 11. Nbd2 Nxd2 12. Bxd2 Bb4 13. Rc1 Bxd2 14. Qxd2 h6 15. h4 O-O 16. Nh2 Qe7 17. Qf4 f6 18. exf6 Rxf6 19. Qd2 Raf8 20. Nf3 Rxf3 21. gxf3 Qxh4 22. Rxc6 bxc6 23. Rxe6 Rxf3 24. Rxc6 Rf5 25. Kf1 Qh1+ 26. Ke2 Qf3+ 27. Ke1 Rf4 28. Rc8+ Kh7 29. Rc3 Re4+ 30. Re3 h5 31. Qe2 Rxe3 32. Qxe3 Qxe3+ 33. fxe3 Kg6 34. b4 Kf5 35. a4 a6 36. b5 axb5 37. a5 b4 38. a6 h4 39. a7 h3 40. Kf2 b3 41. a8=Q b2 42. Qb7 1-0


[Site "https://www.chess.com"]

[Event "Titled Tuesday Blitz April 25 Late 2023"]
[White "Aldokhin, Ivan"]
[Black "Karas, Marek"]
[WhiteFideId "24115720"]
[BlackFideId "14928558"]
[WhiteElo "2322"]
[BlackElo "2233"]
[Result "0-1"]
[Round "06"]
[TimeControl "180+2"]
[Date "2023.04.25"]
[WhiteClock "0:00:01"]
[BlackClock "0:00:46"]

1. e4 c5 2. Nf3 Nc6 3. d4 cxd4 4. Nxd4 g6 5. Nc3 Bg7 6. Be3 Nf6 7. Bc4 Qa5 8. O-O d6 9. h3 O-O 10. Bb3 Bd7 11. f4 Nxd4 12. Bxd4 Bc6 13. Nd5 Bxd5 14. exd5 Nd7 15. Bxg7 Kxg7 16. Qd4+ Kg8 17. Rae1 Rfe8 18. Kh1 Qc5 19. Qd3 a5 20. Ba4 Qc7 21. Qb5 Nc5 22. Re2 Nxa4 23. Qxa4 Qc5 24. Qe4 b5 25. f5 Qc4 26. fxg6 hxg6 27. Qf3 f6 28. b3 Qh4 29. Re4 Qh5 30. Rg4 Kg7 31. Re1 Rac8 32. Re2 b4 33. Qg3 Rc3 34. Qf2 Kf7 35. Rge4 Qxd5 36. Rd4 Qf5 37. Rf4 Qc5 38. Qh4 Qh5 39. Qf2 Rh8 40. Rfe4 Rxh3+ 41. gxh3 Qxh3+ 42. Qh2 Qf1# 0-1


[Site "https://www.chess.com"]

[Event "Titled Tuesday Blitz April 25 Late 2023"]
[White "Kubatko, Ivan"]
[Black "Koellner, Ruben Gideon"]
[WhiteFideId "24111473"]
[BlackFideId "12993093"]
[WhiteElo "2285"]
[BlackElo "2314"]
[Result "1-0"]
[Round "06"]
[TimeControl "180+2"]
[Date "2023.04.25"]
[WhiteClock "0:00:15"]
[BlackClock "0:00:02"]

1. e4 d6 2. d4 Nf6 3. Nc3 e5 4. Nf3 Nbd7 5. g3 c6 6. Bg2 b5 7. a3 a5 8. O-O Ba6 9. Re1 Be7 10. h3 O-O 11. Nh4 g6 12. Bh6 Re8 13. Qd2 Qc7 14. Rad1 b4 15. axb4 axb4 16. Nb1 c5 17. c3 b3 18. f4 Nh5 19. Qf2 Nb6 20. d5 Nc4 21. f5 Bb5 22. Bc1 Ra2 23. Nf3 Bd8 24. Bf1 Qb6 25. Bd3 Qa5 26. Nh2 Bb6 27. Ng4 Nxb2 28. Bxb2 Bxd3 29. Rxd3 c4 30. Rde3 1-0


[Site "https://www.chess.com"]

[Event "Titled Tuesday Blitz April 25 Late 2023"]
[White "Filgueira, Hernan"]
[Black "Lopez Gracia, Fernando"]
[WhiteFideId "101770"]
[BlackFideId "2207184"]
[WhiteElo "2363"]
[BlackElo "2255"]
[Result "1-0"]
[Round "06"]
[TimeControl "180+2"]
[Date "2023.04.25"]
[WhiteClock "0:01:09"]
[BlackClock "0:01:10"]

1. c4 e6 2. Nc3 d5 3. d4 Nf6 4. Bg5 Be7 5. e3 Nbd7 6. Nf3 c6 7. Rc1 h6 8. Bf4 O-O 9. Qc2 Nh5 10. Bd3 Nxf4 11. exf4 b6 12. cxd5 cxd5 13. O-O Bb7 14. f5 exf5 15. Bxf5 Nf6 16. Ne5 Bd6 17. Rfe1 Re8 18. Nb5 Ne4 19. f3 Nc5 20. Nxd6 Qxd6 21. dxc5 bxc5 22. Qxc5 Qxc5+ 23. Rxc5 Ba6 24. Kf2 Rab8 25. b3 d4 26. Rd5 f6 27. Nd3 1-0


[Site "https://www.chess.com"]

[Event "Titled Tuesday Blitz April 25 Late 2023"]
[White "Espinosa, Pedro"]
[Black "Prydun, Andriy"]
[WhiteFideId "30921066"]
[BlackFideId "14145898"]
[WhiteElo "2016"]
[BlackElo "2164"]
[Result "1-0"]
[Round "06"]
[TimeControl "180+2"]
[Date "2023.04.25"]
[WhiteClock "0:00:09"]
[BlackClock "0:00:01"]

1. d4 Nf6 2. c4 c6 3. Nc3 d5 4. cxd5 cxd5 5. Bf4 Nc6 6. e3 Bf5 7. Be2 h6 8. Nf3 Rc8 9. O-O e6 10. Qb3 Na5 11. Qa4+ Nc6 12. Bb5 Qb6 13. Ne5 Be7 14. Qb3 O-O 15. Na4 Qd8 16. Nxc6 bxc6 17. Ba6 Nh5 18. Bxc8 Nxf4 19. exf4 Qxc8 20. Rac1 Bf6 21. Qc3 Qb8 22. g3 Rc8 23. Nc5 h5 24. Nd7 Qd6 25. Nxf6+ gxf6 26. Qc5 Qd7 27. b4 a6 28. h4 Kh7 29. Kh2 Be4 30. a4 Bd3 31. Rfd1 Bc4 32. Rxc4 dxc4 33. Qxc4 Qd5 34. Rc1 Rd8 35. Qxd5 Rxd5 36. Rxc6 Rxd4 37. Rxa6 Rxb4 38. Ra5 Kg6 39. Kg2 Rb3 40. Ra8 Ra3 41. a5 Kf5 42. Rh8 Kg4 43. Rg8+ Kf5 44. Ra8 Ke4 45. a6 e5 46. fxe5 fxe5 47. a7 f5 48. f3+ Ke3 49. Re8 Ra2+ 50. Kh3 Rxa7 51. Rxe5+ Kxf3 52. Rxf5+ Ke4 53. Rxh5 Rg7 54. Rh6 Kf5 55. Ra6 Rd7 56. Ra5+ Kg6 57. Ra4 Kh5 58. Ra5+ Kg6 59. g4 Rd3+ 60. Kg2 Rc3 61. Kf2 Rb3 62. Re5 Kf6 63. Rf5+ Kg6 64. Rf3 Rb4 65. Kg3 Rc4 66. h5+ Kg5 67. Rf5+ Kh6 68. Kh4 Rb4 69. Rf6+ Kg7 70. Ra6 Rc4 71. h6+ Kh7 72. Kh5 Kg8 73. g5 Rc7 74. Ra8+ Kf7 75. g6+ Kf6 76. Rf8+ Ke5 77. g7 Rc5 78. Kg6 Kd6 79. Rf6+ Ke7 80. Rf7+ Ke6 81. g8=Q Rg5+ 82. Kxg5 1-0


[Site "https://www.chess.com"]